 Dungeon Sprint DCSS version 0.31-a0-40-g1d5085d191 (webtiles) character file.

Game seed: 13382369811818795498

28791 ShadedKnight the Ninja (level 13, -10/75 (88) HPs)
             Began as a Kobold Brigand on May 17, 2023.
             Was the Champion of Ru.
             Mangled by Tiamat
             ... wielding a +3 demon trident of draining
              (61 damage)
             ... in the Dungeon (Sprint I: "Red Sonja").
             The game lasted 00:23:39 (2828 turns).

ShadedKnight the Ninja (Kobold Brigand)             Turns: 2828, Time: 00:23:40

HP:   -10/75 (88)   AC:  4    Str:  9    XL:     13   Next: 76%
MP:   8/24          EV: 30    Int: 13    God:    Ru [******]
Gold: 1860          SH:  0    Dex: 20    Spells: 28/32 levels left

rFire   + . .        u - +3 short sword (distort)
rCold   . . .        (shield unavailable)
rNeg    . . .        n - +0 robe {rF+}
rPois   .            b - +0 helmet
rElec   .            c - +0 cloak
rCorr   .            (no gloves)
SInv    .            (no boots)
Will    .....        w - amulet of regeneration Stlth *+++++++++
                     (ring unavailable)
HPRegen 1.12/turn    q - +5 ring of evasion
MPRegen 0.19/turn

%: no teleportation
@: exhausted, hasted, studying Unarmed Combat, heavily drained, very quick
A: small, no large weapons, low MP 1, nightstalker 3, missing a hand, inability
to use devices, hated by all
a: Renounce Religion, Draw Out Power, Power Leap, Apocalypse


You were in the Dungeon.
You worshipped Ru.
Ru was exalted by your worship.
You visited 1 branch You collected 3697 gold pieces.
You spent 1837 gold pieces at shops.


Innate Abilities, Weirdness & Mutations

You are small and have problems with some larger weapons.
Your magical capacity is low. (-10% MP)
You are completely attuned to the shadows.
You are missing a hand.
You cannot study or use magical devices.
You are hated by all.


   Skills:
 - Level 13.5 Fighting
 - Level 21.3 Short Blades
 - Level 3.5 Throwing
 - Level 14.0 Dodging
 O Level 27 Stealth
 + Level 10.4 Spellcasting
 * Level 14.5 Translocations


You had 28 spell levels left.
You knew the following spells:

 Your Spells              Type           Power      Damage    Failure   Level
a - Manifold Assault      Tloc           44%        N/A       1%          4

Your spell library contained the following spells:

 Spells                   Type           Power      Damage    Failure   Level
 Dispersal                Tloc           22%        N/A       4%          6
 Inner Flame              Hex/Fire       6%         N/A       32%         3
 Flame Wave               Conj/Fire      6%         2d5       71%         4
 Sticky Flame             Conj/Fire      6%         2d3       71%         4
 Disjunction              Tloc           22%        N/A       88%         8

Inventory:

Hand Weapons
 a - a +2 dagger
 u - a +3 short sword of distortion (weapon)
Missiles
 d - 9 poisoned darts (quivered)
 e - 7 curare-tipped darts
Armour
 b - a +0 helmet (worn)
 c - a +0 cloak (worn)
 n - a +0 robe of fire resistance (worn)
 A - the +1 robe "Nuulopp" {Int+6}
   (You found it in the Dungeon)

   Int:       It affects your intelligence (+6).
 B - a +2 robe of willpower
Jewellery
 p - a ring of poison resistance
 q - a +5 ring of evasion (right hand)
 r - a ring of positive energy
 s - a ring of magical power
 v - a ring of resist corrosion
 w - an amulet of regeneration (around neck)
Wands
 l - a wand of iceblast (11)
 m - a wand of flame (5)
Scrolls
 k - 2 scrolls of blinking
 o - a scroll of fog {unknown}
 t - a scroll of amnesia
 x - a scroll of identify
 y - a scroll of enchant armour {unknown}
 D - a scroll of brand weapon {unknown}
Potions
 f - 5 potions of curing
 g - a potion of flight
 i - 2 potions of magic
 j - a potion of berserk rage
 z - a potion of lignification
 C - a potion of heal wounds

Dungeon Overview and Level Annotations

Branches:
Dungeon (1/1) Zot: 27000

Altars:
Cheibriados
Dithmenos
Elyvilon
Gozag
Kikubaaqudgha
Makhleb
Nemelex Xobeh
Okawaru
Qazlal
Ru
Sif Muna
Trog
Uskayaw
Vehumet
Wu Jian
Xom
Zin
The Shining One
Lugonu

Shops:
D =*!?([?[(=[*!(([((

Annotations:
D Tiamat

.###########.# ###.#.≈..
###.......##§# #.###..
#.#........+§# #.#.+..
..#.''######.# ####'#.##'
..#....§.§§#§##### ###....#.#~~
###...§.§.#§§#/..#####...####.#~~
.†....§§§~####.....)...###°○..#~~
[†......~~##..[...)##### ○°°####~
......~~~###[/..@.## °°°#..#'
#..~~~~### #/....## °○ #...#
.######'####$$$.d# ° #....
########∩∩######## ○° #....
∩∩∩∩∩∩∩∩∩###≈≈≈≈≈≈≈ .°○#####
########## ######## ..○+))#.
#..0..+ ^..#|)'[ ## #####


You could see Tiamat (slow, catching breath).


Message History

D - a scroll labelled ETUTES OKUSURE You now have 1860 gold pieces (gained 19)!
Tiamat, Avatar of the Dragonlord comes into view!
She is wielding a +3 demon trident of draining and wearing the +4 dragonskin cloak!
You see here a wand of quicksilver (12)!
You see here a wand of quicksilver (8)!
Found the Orb of Zot!
You see here 27 gold pieces!
Press: ? - help, v - describe, ! - travel
Here: Tiamat, wielding a +3 demon trident of draining and wearing the +4 dragonskin cloak (water, wandering, hasn't noticed you, fire blocked by an iron grate) Some deep water!
Casting: Manifold Assault (safe; 1% risk of failure)
Confirm with ! or Enter, or press ? or * to list all spells!
Space momentarily warps into an impossible shape!!!
You barely miss Tiamat!
Casting: Manifold Assault (safe; 1% risk of failure)
Confirm with ! or Enter, or press ? or * to list all spells!
Space momentarily warps into an impossible shape!!!
You stick Tiamat but do no damage!
Tiamat blinks!!!
Tiamat breathes lightning at you! The bolt of lightning hits you!!!!!!!!!
Activating: Apocalypse
Press: ? - help, Dir - look around, f - activate You reveal the great annihilating truth to your foes!!!
Tiamat slows down under the weight of truth!!!
You feel drained!
You hear a chilling moan!
You feel yourself speed up!
Tiamat hits you from afar with a +3 demon trident of draining!!!!!!!!!
DANG rip

Skill      XL: |  1  2  3  4  5  6  7  8  9 10 11 12 13 |
---------------+----------------------------------------+-----
Short Blades   | 3 4 7 9 12 13 15 18 20 21 | 21.3
Stealth        | 8 12 13 14 17 18 19 21 24 26 27 | 27.0
Fighting       | 4 5 6 8 9 11 12 13 | 13.5
Throwing       | 3 |  3.5
Dodging        | 4 5 7 8 9 11 13 14 | 14.0
Spellcasting   | 6 10 | 10.4
Translocations | 9 14 | 14.5

Action                     |  1- 3 |  4- 6 |  7- 9 | 10-12 | 13-15 || total
---------------------------+-------+-------+-------+-------+-------++-------
  Melee: Dagger            |     2 |     3 |     4 |       |       ||     9
         Short sword       |       |       |    10 |   161 |    62 ||   233
         Punch             |       |       |       |     1 |       ||     1
   Cast: Manifold Assault  |       |       |       |       |    18 ||    18
 Invoke: Sacrifice Love    |       |       |     1 |       |       ||     1
         Power Leap        |       |       |       |     4 |     3 ||     7
         Sacrifice a Hand  |       |       |       |     1 |       ||     1
         Apocalypse        |       |       |       |     6 |     5 ||    11
         Sacrifice Artific |       |       |       |     1 |       ||     1
         Reject Sacrifices |       |       |       |     1 |       ||     1
         Sacrifice Essence |       |       |       |       |     1 ||     1
  Evoke: Wand              |       |       |     4 |    14 |       ||    18
    Use: Scroll            |       |       |     3 |     3 |       ||     6
         Potion            |       |       |       |     5 |     2 ||     7
   Stab: Sleeping          |     2 |     3 |     6 |    13 |       ||    24
         Paralysed         |       |       |       |     3 |     3 ||     6
         Distracted        |       |       |       |       |     1 ||     1
         Invisible         |       |       |       |       |     1 ||     1
 Armour: Robe              |       |       |     1 |     7 |     3 ||    11
  Dodge: Dodged            |       |       |     4 |    73 |    26 ||   103

Levels and vault maps discovered:
D:        dungeon_sprint_1 [red_sonja_temple_1, red_sonja_temple_small_1]

Notes
Turn   | Place    | Note
-------+----------+-------------------------------------------
     0 | D        | ShadedKnight the Kobold Brigand began the quest for the
                  | Orb.
     0 | D        | Reached XP level 1. HP: 12/12 MP: 1/1
     2 | D        | Noticed Ijyb
     4 | D        | Killed Ijyb
     5 | D        | Reached skill level 8 in Stealth
     5 | D        | Reached XP level 2. HP: 18/18 MP: 2/2
     5 | D        | Reached XP level 3. HP: 22/22 MP: 3/3
     7 | D        | Noticed an ogre
    10 | D        | Killed an ogre
    11 | D        | Reached skill level 12 in Stealth
    11 | D        | Reached XP level 4. HP: 29/29 MP: 4/4
    11 | D        | Reached XP level 5. HP: 33/33 MP: 5/5
    23 | D        | Noticed Sigmund
    25 | D        | Killed Sigmund
    26 | D        | Reached skill level 5 in Fighting
    26 | D        | Reached skill level 13 in Stealth
    26 | D        | Reached XP level 6. HP: 40/40 MP: 6/6
    51 | D        | Found an ornate altar of the Wu Jian Council.
    51 | D        | Found a shimmering blue altar of Sif Muna.
    52 | D        | Found a radiant altar of Vehumet.
    86 | D        | Found a hazy altar of Hepliaklqana.
    86 | D        | Found a hide-covered altar of Uskayaw.
    86 | D        | Found an opulent altar of Gozag.
    86 | D        | Noticed a yak
    87 | D        | Found Kicof's Assorted Antiques.
    87 | D        | Found a stormy altar of Qazlal.
    87 | D        | Found a blossoming altar of Fedhas.
    87 | D        | Found a bloodstained altar of Trog.
    87 | D        | Found a snail-covered altar of Cheibriados.
    88 | D        | Killed a yak
    89 | D        | Reached skill level 5 in Dodging
    89 | D        | Reached skill level 14 in Stealth
    89 | D        | Reached XP level 7. HP: 47/47 MP: 7/7
    89 | D        | Found an iron altar of Okawaru.
    89 | D        | Found a sparkling altar of Nemelex Xobeh.
    89 | D        | Found a sacrificial altar of Ru.
    89 | D        | Found a glowing silver altar of Zin.
    90 | D        | Found an ancient bone altar of Kikubaaqudgha.
    90 | D        | Found a basalt altar of Yredelemnul.
    90 | D        | Found a glowing golden altar of the Shining One.
    90 | D        | Found a shadowy altar of Dithmenos.
    90 | D        | Found a white marble altar of Elyvilon.
    94 | D        | Became a worshipper of Ru the Awakened
    97 | D        | Bought a scroll labelled HIPAXKA SAWUNT for 29 gold pieces
    97 | D        | Bought a scroll labelled ZEAXARCHILOE for 29 gold pieces
    97 | D        | Bought a tourmaline ring for 145 gold pieces
    97 | D        | Bought a scroll labelled ZEAXARCHILOE for 29 gold pieces
    97 | D        | Bought a scroll labelled GAGIDICUXA for 29 gold pieces
    97 | D        | Bought a ruby potion for 26 gold pieces
   116 | D        | Found a burning altar of Makhleb.
   116 | D        | Found a shimmering altar of Xom.
   116 | D        | Noticed a slime creature
   117 | D        | Found a viscous altar of Jiyva.
   117 | D        | Found a corrupted altar of Lugonu.
   119 | D        | Killed a slime creature
   120 | D        | Reached skill level 10 in Short Blades
   120 | D        | Reached skill level 15 in Stealth
   157 | D        | Noticed a centaur warrior
   158 | D        | Noticed a centaur warrior
   164 | D        | Noticed Sonja
   168 | D        | Killed Sonja
   169 | D        | Reached skill level 17 in Stealth
   169 | D        | Reached XP level 8. HP: 54/54 MP: 8/8
   216 | D        | Noticed a deep troll
   220 | D        | Killed a deep troll
   221 | D        | Reached skill level 18 in Stealth
   221 | D        | Reached XP level 9. HP: 60/60 MP: 9/9
   230 | D        | Found Zosymoab's Armour Emporium.
   274 | D        | Noticed a kobold demonologist
   275 | D        | Noticed a kobold demonologist
   284 | D        | Noticed a hellwing
   286 | D        | Noticed a smoke demon
   287 | D        | Killed a kobold demonologist
   289 | D        | Killed a kobold demonologist
   290 | D        | Reached skill level 19 in Stealth
   305 | D        | Gained mutation: You are hated by all. [Ru sacrifice]
   305 | D        | Reached * piety under Ru
   347 | D        | Noticed a demonic crawler
   347 | D        | Noticed a demonic crawler
   347 | D        | Noticed a demonic crawler
   347 | D        | Noticed a demonic crawler
   349 | D        | Killed a demonic crawler
   350 | D        | Reached skill level 15 in Short Blades
   350 | D        | Killed a demonic crawler
   351 | D        | Reached XP level 10. HP: 68/68 MP: 10/10
   352 | D        | Killed a demonic crawler
   353 | D        | Reached skill level 10 in Fighting
   353 | D        | Reached skill level 10 in Dodging
   353 | D        | Reached skill level 20 in Stealth
   353 | D        | Killed a demonic crawler
   368 | D        | Noticed a lindwurm
   370 | D        | Killed a lindwurm
   414 | D        | Reached skill level 21 in Stealth
   460 | D        | Reached XP level 11. HP: 70/74 MP: 11/11
   470 | D        | Noticed a 12-headed hydra
   472 | D        | Killed a 12-headed hydra
   473 | D        | Reached skill level 22 in Stealth
   490 | D        | Noticed a merfolk siren
   490 | D        | Noticed a deep elf annihilator
   547 | D        | Killed a merfolk siren
   548 | D        | Noticed a merfolk siren
   553 | D        | Killed a merfolk siren
   679 | D        | Gained mutation: You are missing a hand. [Ru sacrifice]
   679 | D        | Reached ** piety under Ru
   679 | D        | Reached *** piety under Ru
   679 | D        | Reached **** piety under Ru
   737 | D        | Noticed a shadow dragon
   794 | D        | Found Kiocaus's Jewellery Boutique.
   799 | D        | Bought a ring of poison resistance for 280 gold pieces
   799 | D        | Bought a ring of positive energy for 280 gold pieces
   799 | D        | Bought a ring of resist corrosion for 280 gold pieces
   799 | D        | Bought an amulet of regeneration for 420 gold pieces
   833 | D        | Killed a centaur warrior
   834 | D        | Reached skill level 23 in Stealth
   838 | D        | Banished a centaur warrior
   861 | D        | Noticed an oklob plant
   863 | D        | Killed an oklob plant
  1086 | D        | Reached skill level 24 in Stealth
  1094 | D        | Reached XP level 12. HP: 82/82 MP: 6/12
  1099 | D        | Gained mutation: You cannot study or use magical devices.
                  | [Ru sacrifice]
  1099 | D        | Reached ***** piety under Ru
  1135 | D        | Found Tuucosor's Magic Scroll Shoppe.
  1135 | D        | Found Giqoenk's Distillery.
  1135 | D        | Found Fuhiesh's Antique Weapon Boutique.
  1155 | D        | Identified the +0 chain mail of Lies {Harm rC- Slay+2}
  1156 | D        | Identified the +1 robe "Nuulopp" {Int+6}
  1162 | D        | Found Jemiops's Armour Emporium.
  1162 | D        | Found Upnyo's Magic Scroll Shop.
  1162 | D        | Found Cucw's Antique Armour Shoppe.
  1162 | D        | Found Guzixt's Weapon Boutique.
  1164 | D        | Bought a potion of haste for 100 gold pieces
  1164 | D        | Bought a potion of haste for 100 gold pieces
  1164 | D        | Bought a potion of lignification for 30 gold pieces
  1164 | D        | Bought a potion of curing for 30 gold pieces
  1164 | D        | Bought a potion of curing for 30 gold pieces
  1165 | D        | Found Dairhem's Jewellery Emporium.
  1166 | D        | Found Soorchocs's Armour Shop.
  1167 | D        | Found Porchyhet's Assorted Antiques.
  1168 | D        | Found Pejafemo's Distillery.
  1169 | D        | Found Ulabbiaq's Weapon Emporium.
  1169 | D        | Found Ugydgh's Antique Weapon Boutique.
  1170 | D        | Found Ukhlonof's Antique Weapon Emporium.
  1298 | D        | Killed a deep elf annihilator
  1366 | D        | Noticed a mummy priest
  1414 | D        | Killed a mummy priest
  1535 | D        | Learned a level 4 spell: Manifold Assault
  1578 | D        | Noticed Lom Lobon
  1617 | D        | Noticed the 27-headed Lernaean hydra
  1620 | D        | Killed Lom Lobon
  1621 | D        | Reached skill level 25 in Stealth
  1621 | D        | Reached skill level 5 in Spellcasting
  1787 | D        | Killed the 27-headed Lernaean hydra
  1788 | D        | Reached skill level 26 in Stealth
  1788 | D        | Reached XP level 13. HP: 63/88 MP: 12/22
  1848 | D        | Noticed a golden dragon
  1852 | D        | Killed a shadow dragon
  1853 | D        | Reached skill level 10 in Translocations
  1854 | D        | Killed a golden dragon
  1912 | D        | Found Ysmul's Antique Weapon Shoppe.
  2084 | D        | Noticed a deep elf master archer
  2094 | D        | Identified the +3 sling "Lunohetu" {heavy, rF++ Dex+2}
  2094 | D        | Killed a deep elf master archer
  2141 | D        | Identified the +10 hand axe of Qeigeol {heavy, Int+5 Dex+4}
  2144 | D        | Identified the +0 triple crossbow "Boni" {heavy, rC++ rN+}
  2146 | D        | Identified the staff of death "Saepie Idol" {rElec rC+ rN+
                  | Str+5 Stlth-}
  2151 | D        | Gained mutation: Your magical capacity is low. (-10% MP)
                  | [Ru sacrifice]
  2151 | D        | Reached ****** piety under Ru
  2226 | D        | Noticed a daeva
  2524 | D        | Killed a daeva
  2525 | D        | Reached skill level 27 in Stealth
  2527 | D        | Identified the +8 quick blade of the Lamprey {antimagic,
                  | rF+}
  2629 | D        | Noticed a fire giant
  2632 | D        | Noticed a fire giant
  2632 | D        | Noticed a fire giant
  2635 | D        | Noticed a fire giant
  2637 | D        | Killed a fire giant
  2656 | D        | Banished a fire giant
  2700 | D        | Killed a fire giant
  2701 | D        | Reached skill level 10 in Spellcasting
  2709 | D        | Banished a fire giant
  2818 | D        | Found the +4 dragonskin cloak
  2818 | D        | Noticed Tiamat
  2828 | D        | Mangled by Tiamat

Vanquished Creatures
  Lom Lobon (D)
  the Lernaean hydra (D)
  A golden dragon (D)
  A deep elf master archer (D)
  A shadow dragon (D)
  A daeva (D)
  2 fire giants (D)
  A deep elf annihilator (D)
  A mummy priest (D)
  A hydra (D)
  A centaur warrior (D)
  Sonja (D)
  A deep troll (D)
  A lindwurm (D)
  2 oklob plants (D)
  A merfolk siren (D)
  4 demonic crawlers (D)
  A gargoyle (D)
  5 unseen horrors (D)
  2 kobold demonologists (D)
  5 hornets (D)
  A slime creature (D)
  Sigmund (D)
  A yak (D)
  11 hogs (D)
  2 redbacks (D)
  3 floating eyes (D)
  An ogre (D)
  6 necrophages (D)
  7 jellies (D)
  Ijyb (D)
  2 ball lightnings (D)
  2 ballistomycete spores (D)
73 creatures vanquished.

Vanquished Creatures (others)
  A merfolk siren (D)
  A ball lightning (D)
2 creatures vanquished.

Grand Total: 75 creatures vanquished

Table legend: (Time is in decaauts)
 A = Elapsed time spent in this place.
 B = Non-inter-level travel time spent in this place.
 C = Inter-level travel time spent in this place.
 D = Time resting spent in this place.
 E = Time spent auto-exploring this place.
 F = Levels seen in this place.
 G = Mean time per level.
                   A        B        C        D        E       F      G
               +--------+--------+--------+--------+--------+-----+--------+
         Total |   2706 |   2706 |      0 |   1138 |      0 |   1 | 2706.0 |
       Dungeon |   2706 |   2706 |      0 |   1138 |      0 |   1 | 2706.0 |
               +--------+--------+--------+--------+--------+-----+--------+

Top non-repeatable levels by time:
       D: 2706 daAuts

Table legend:
 A = Non-vault XP
 B = Vault XP
 C = Vault XP percentage of total XP
 D = Non-vault monster count
 E = Vault monster count
 F = Vault count percentage of total count
                 A         B        C        D         E       F
            +---------+---------+-------+---------+---------+-------
      Total |       0 |   41130 | 100.0 |       0 |      80 | 100.0
            +---------+---------+-------+---------+---------+-------
          D |       0 |   41130 | 100.0 |       0 |      80 | 100.0
            +---------+---------+-------+---------+---------+-------
